 Dungeon Crawl Stone Soup version 0.29-a0-973-gac7da5f7f0 (webtiles) character file.

Game seed: 4996987945664885393

135 spiderkeys the Poker (level 5, 0/37 HPs)
             Began as an Octopode Berserker on July 31, 2022.
             Was a Follower of Trog.
             Slain by an orc wizard
             ... wielding a +0 dagger
              (4 damage)
             ... on level 3 of the Dungeon.
             The game lasted 00:01:58 (3007 turns).

spiderkeys the Poker (Octopode Berserker)           Turns: 3007, Time: 00:01:58

Health: 0/37       AC:  1    Str: 17    XL:     5   Next: 18%
Magic:  5/5        EV: 14    Int:  9    God:    Trog [*.....]
Gold:   197        SH:  0    Dex: 13    Spells: 4/4 levels left

rFire   . . .      SeeInvis .   a - +0 spear
rCold   . . .      Faith    .   (no shield)
rNeg    . . .      Spirit   .   (helmet restricted)
rPois   .          Reflect  .   (no amulet)
rElec   .          Harm     .   (no ring)
rCorr   .          Rampage  .   (no ring)
Will    .....                   (no ring)
Stlth   ++........              (no ring)
HPRegen 0.12/turn               (no ring)
MPRegen 0.09/turn               (no ring)
                                (no ring)
                                (no ring)

@: about to teleport, on berserk cooldown, slowed, very slow
A: almost no armour, amphibious, 8 rings, camouflage 1, gelatinous body 1,
(nimble swimmer 1), tentacles
a: Renounce Religion, Berserk


You were on level 3 of the Dungeon.
You worshipped Trog.
Trog was aware of your devotion.
You visited 1 branch of the dungeon, and saw 3 of its levels.

You collected 197 gold pieces.


Innate Abilities, Weirdness & Mutations

You cannot wear most types of armour.
You are amphibious.
You can wear up to eight rings at the same time.
Your skin changes colour to match your surroundings (Stealth+).
Your rubbery body absorbs attacks. (AC +1, EV +1)
((You are camouflaged when in or above water. (Stealth+)))
You have tentacles for arms and can constrict up to eight enemies at once.


   Skills:
 + Level 4.0 Fighting
 + Level 4.1 Polearms
 + Level 4.1 Dodging


You had 4 spell levels left.
You didn't know any spells.
Your spell library contained the following spells:

 Spells                   Type           Power      Damage    Failure   Level
 Anguish                  Hex/Necr       0%         N/A       99%         4
 Enfeeble                 Hex            0%         N/A       100%        7

Inventory:

Hand Weapons
 a - a +0 spear (weapon)
Missiles
 b - 29 stones (quivered)
 c - 9 javelins
 f - 2 throwing nets {=f!f}
Wands
 p - a wand of quicksilver (7)
   (You found it on level 3 of the Dungeon)
Scrolls
 g - 2 scrolls of identify {unknown}
 j - a scroll of immolation {unknown}
 k - 3 scrolls of teleportation {@r4}
 m - a scroll of enchant armour {unknown}
 n - a scroll of vulnerability {unknown}
 o - a scroll of fog {unknown}
Potions
 d - a potion of mutation {unknown}
 e - 4 potions of curing {unknown}
 h - 2 potions of might {unknown}
 i - a potion of attraction {unknown}
 l - 2 potions of magic {unknown}

Dungeon Overview and Level Annotations

Branches:
Dungeon (3/15) Zot: 15003

Altars:
Kikubaaqudgha
Wu Jian

#.# #.##.# #.##.#
#.##.#####
.########.#......#
.............###.# ####
#####J@#.#.#.##.####...
....._.{).#...<.........
.#...B.###)......##...##
#...#. #..#.##.##.#...
....... #.......##...#.
##...## #.##.##.###†..#
#. . #J##.##.# #...# #o.
.....##.# #._.#
.........# #...#


You could see an orc, an endoplasm and a giant cockroach.


Message History

Trog accepts your kill. The rat bites you. 😮 HP[-2]
You take 2 damage, and now have 31/49 hp.
Reach: a) +0 spear
Press: ? - help, Dir - move target, f - orc wizard
Aim: an orc wizard, wielding a +0 dagger and wearing a +0 robe (about 45% to evade your +0 spear)
You reach to attack!
You puncture the orc wizard!
Reach: a) +0 spear
Press: ? - help, Dir - move target, f/p - orc wizard
Aim: an orc wizard, wielding a +0 dagger and wearing a +0 robe (heavily wounded, about 45% to evade your +0 spear)
You reach to attack!
You hit the orc wizard. The orc wizard casts a spell at you.
The puff of flame hits you. The rat bites you.
* * * LOW HITPOINT WARNING * * *
😨 HP[-9]
You take 9 damage, and now have 22/49 hp.
Reach: a) +0 spear
Press: ? - help, Dir - move target, f/p - orc wizard
Aim: an orc wizard, wielding a +0 dagger and wearing a +0 robe (severely wounded, about 45% to evade your +0 spear)
The orc is in the way.
You puncture the orc!
You kill the orc!
Trog accepts your kill.
A hobgoblin comes into view.
An orc wizard comes into view. It is wielding a +0 dagger.
The rat misses you.
Reach: a) +0 spear
Press: ? - help, Dir - move target, f - gnoll, p - orc wizard
Aim: a gnoll, wielding a +0 flail (about 35% to evade your +0 spear)
The orc wizard is in the way.
You completely miss the orc wizard. Your grab misses the orc wizard.
You closely miss the orc wizard. You grab the orc wizard.
You squeeze the orc wizard.
You kill the orc wizard!
Trog accepts your kill.
Trog appreciates your killing of a magic user.
The orc wizard gestures wildly while chanting.
The orc wizard flickers and vanishes!
Deactivating autopickup; reactivate with Ctrl-A.
The rat barely misses you.
Your Polearms skill increases to level 4!
Your Dodging skill increases to level 4!
You hit the gnoll. Your grab misses the gnoll.
The gnoll hits you with a +0 flail!
* * * LOW HITPOINT WARNING * * *
The rat bites you.
* * * LOW HITPOINT WARNING * * *
😨 HP[-7]
You take 7 damage, and now have 15/49 hp.
You barely miss the gnoll. Your grab misses the gnoll. You squeeze the gnoll!
You kill the gnoll!
Trog accepts your kill.
Your Fighting skill increases to level 4!
You have reached level 5!
You feel stronger. 😨 HP[+2] MP[+1]
You now have 55 max hp (+6).
You regained 2 hp, and now have 17/55 hp.
Your mp is fully restored (5).
Reach: a) +0 spear
Press: ? - help, Dir - move target, f - gnoll
Aim: a gnoll, wielding a +0 club (about 32% to evade your +0 spear)
You reach to attack!
You puncture the gnoll! The rat completely misses you.
You puncture the gnoll!
You kill the gnoll!
Trog accepts your kill.
The rat twitches its whiskers.
The rat closely misses you.
You puncture the rat!
You kill the rat!
Trog accepts your kill.
You puncture the orc!
You kill the orc!
Trog accepts your kill.
An endoplasm comes into view. x2
The endoplasm quivers.
Items here: )))))) [ ††.
You puncture the hobgoblin!
You kill the hobgoblin!
Trog accepts your kill.
You are no longer berserk.
You are exhausted.
You feel yourself slow down.
A giant cockroach comes into view.
Something hits you.
* * * LOW HITPOINT WARNING * * *
😱 HP[-9]
You now have 37 max hp (-18).
You barely miss something. Your squeeze misses something.
Something barely misses you. 😱 HP[+1]
As you read the scroll labelled QUTORIHIO, it crumbles to dust.
You feel strangely unstable.
It was a scroll of teleportation.
The endoplasm freezes you.
You are frozen.
* * * LOW HITPOINT WARNING * * *
An orc comes into view. It is wielding a +0 short sword.
Something hits you.
You die...

Skill      XL: |  1  2  3  4 |
---------------+-------------+-----
Polearms       | 4 |  4.1
Dodging        | 4 |  4.1
Fighting       | 4 |  4.0

Action                   |  1- 3 |  4- 6 || total
-------------------------+-------+-------++-------
Melee: Spear             |    74 |    32 ||   106
       Constrict         |    20 |     5 ||    25
       Tentacles         |    12 |     5 ||    17
       Punch             |     1 |       ||     1
Invok: Berserk           |       |     1 ||     1
  Use: Scroll            |       |     1 ||     1
 Stab: Sleeping          |     5 |     2 ||     7
       Distracted        |     1 |     1 ||     2
Armor: Skin              |     4 |       ||     4
Dodge: Dodged            |    21 |     7 ||    28

Levels and vault maps discovered:
D:1:      minmay_arrival_radiant_lines, layout_basic,
          hellmonk_ecumenical_altar_lost_god
D:2:      wander_river, layout_basic, serial_undead, serial_undead_a,
          serial_undead_b, serial_undead_b, serial_undead_a,
          amcnicky_mini_rare_corridor_liquid
D:3:      layout_loops_cross, overflow_temple_1_default, tgw_kikubaaqudgha,
          uniq_natasha

Notes
Turn   | Place    | Note
-------+----------+-------------------------------------------
     0 | D:1      | spiderkeys the Octopode Berserker began the quest for the
                  | Orb.
     0 | D:1      | Reached XP level 1. HP: 16/16 MP: 1/1
     0 | D:1      | magus.rc [v1.11.3]
    94 | D:1      | Found a faded altar of an unknown god.
   303 | D:1      | You pick up a book of Maledictions {forbidden} and begin
                  | reading...
   303 | D:1      | You add the spells Anguish and Enfeeble to your library.
   606 | D:1      | Reached XP level 2. HP: 13/21 MP: 2/2
  1743 | D:2      | Reached XP level 3. HP: 18/26 MP: 3/3
  2738 | D:2      | Reached XP level 4. HP: 31/32 MP: 4/4
  2929 | D:3      | Found an ancient bone altar of Kikubaaqudgha.
  2929 | D:3      | Noticed a human
  2933 | D:3      | Killed a human
  2982 | D:3      | Found an ornate altar of the Wu Jian Council.
  2997 | D:3      | Reached skill level 4 in Polearms
  2997 | D:3      | Reached skill level 4 in Dodging
  2999 | D:3      | Reached skill level 4 in Fighting
  2999 | D:3      | Reached XP level 5. HP: 17/37 MP: 5/5
  3005 | D:3      | HP: 8/37 [something (3)]
  3007 | D:3      | Slain by an orc wizard

Vanquished Creatures
  An orc wizard (D:3)
  4 gnolls (D:3)
  2 adders (D:2)
  2 adder zombies (D:2)
  3 worms
  2 orcs (D:3)
  5 bats
  2 endoplasms
  2 goblins
  3 hobgoblins
  5 kobolds
  A quokka (D:3)
  3 ball pythons
  A ball python skeleton (D:2)
  2 frilled lizards
  3 rats
41 creatures vanquished.

Vanquished Creatures (others)
  A human (D:3)
1 creature vanquished.

Grand Total: 42 creatures vanquished

Table legend:
 A = Non-vault XP
 B = Vault XP
 C = Vault XP percentage of total XP
 D = Non-vault monster count
 E = Vault monster count
 F = Vault count percentage of total count
                 A         B        C        D         E       F
            +---------+---------+-------+---------+---------+-------
      Total |     180 |      13 |   6.7 |      38 |       3 |   7.3
            +---------+---------+-------+---------+---------+-------
        D:1 |      15 |       0 |   0.0 |      10 |       0 |   0.0
        D:2 |      54 |      13 |  19.4 |      15 |       3 |  16.7
        D:3 |     111 |       0 |   0.0 |      13 |       0 |   0.0
            +---------+---------+-------+---------+---------+-------

Illustrated notes

Table legend:
 A = Kills in this place as a percentage of kills in entire the game.
 B = Kills by you in this place as a percentage of kills by you in the entire game.
 C = Kills by friends in this place as a percentage of kills by friends in the entire game.
 D = Other kills in this place as a percentage of other kills in the entire game.
 E = Experience gained in this place as a percentage of experience gained in the entire game.
 F = Experience gained in this place divided by the number of levels of this place that you have seen.
                   A       B       C       D       E      F
               +-------+-------+-------+-------+-------+----------------------
         Total | 100.0 | 100.0 |   N/A |   N/A | 100.0 |  64.3
       Dungeon | 100.0 | 100.0 |   N/A |   N/A | 100.0 |  64.3
               +-------+-------+-------+-------+-------+----------------------

Table legend: (Time is in decaauts)
 A = Elapsed time spent in this place.
 B = Non-inter-level travel time spent in this place.
 C = Inter-level travel time spent in this place.
 D = Time resting spent in this place.
 E = Time spent auto-exploring this place.
 F = Levels seen in this place.
 G = Mean time per level.
                   A        B        C        D        E       F      G
               +--------+--------+--------+--------+--------+-----+--------+
         Total |   2995 |   2935 |     60 |      0 |   2717 |   3 |  998.3 |
       Dungeon |   2995 |   2935 |     60 |      0 |   2717 |   3 |  998.3 |
               +--------+--------+--------+--------+--------+-----+--------+

Top non-repeatable levels by time:
     D:2: 1516 daAuts
     D:1: 1258 daAuts
     D:3: 220 daAuts
